Map: Dusk Towers

Players

Sahara

  • Race: Protoss Protoss
  • League: Platinum

KarmaDealer - Winner!

  • Race: Terran Terran
  • League: Gold

VOD

Have the link to the VOD?

Description

The best way to beat protoss players. You need a good micro, and a lot of hate against protoss, thats the only way to make it work right.
Basically you are gonna do:
reaper harras
cyclone harras
banshee harras
liberator harras
and beat the toss around min 7 with banshee, marauder, tank, cyclone and all your focused hate.

Time

  • Played on: Jan. 20, 2016, 3:56 p.m.
  • Length: 8:26
Show
View Real Time Build Order
Export as new Build Order

Sahara Protoss 

Build Orders: 1 Gate Expand 

Get SALT Encoding   

  12  0:00  Probe (Chrono Boost)  
  13  0:11  Probe (Chrono Boost)  
  14  0:17  Pylon  
  14  0:24  Probe (Chrono Boost)  
  16  0:35  Probe (Chrono Boost)  
  16  0:37  Gateway  
  16  0:46  Probe (Chrono Boost)  
  17  0:54  Assimilator  
  17  0:56  Probe (Chrono Boost)  
  18  1:19  Nexus  
  18  1:28  Cybernetics Core  
  18  1:32  Probe (Chrono Boost)  
  19  1:42  Probe (Chrono Boost)  
  20  1:53  Probe (Chrono Boost)  
  21  1:56  Assimilator  
  21  2:05  Warp Gate (Chrono Boost)  
  21  2:09  Probe  
  22  2:17  Pylon  
  22  2:21  Probe  
  23  2:31  Adept  
  23  2:34  Gateway  
  25  2:38  Probe, Gateway  
  25  2:39  Gateway  
  25  3:10  Probe  
  25  3:11  Probe  
  27  3:18  Twilight Council  
  27  3:21  Probe  
  27  3:23  Probe  
  27  3:25  Pylon  
  29  3:31  Probe  
  30  3:36  Probe (Chrono Boost), Pylon  
  31  3:43  Probe (Chrono Boost)  
  31  3:47  Probe (Chrono Boost)  
  33  3:53  Adept  
  33  3:54  Probe (Chrono Boost), Adept x3  
  42  3:58  Probe (Chrono Boost)  
  41  4:12  Resonating Glaives (Chrono Boost)  
  41  4:16  Adept x4  
  49  4:20  Pylon  
  49  4:34  Probe  
  49  4:36  Probe  
  51  4:45  Probe  
  51  4:48  Mothership Core  
  51  4:49  Pylon  
  54  4:55  Probe, Robotics Facility  
  55  5:00  Assimilator  
  55  5:04  Forge, Assimilator  
  55  5:06  Probe  
  55  5:08  Forge  
  52  5:29  Pylon  
  52  5:31  Stalker x3  
  58  5:38  Photon Cannon  
  51  6:06  Pylon  
  44  6:13  Observer (Chrono Boost)  
  36  6:21  Probe x2  
  35  6:31  Stalker  
  35  6:32  Stalker  
  39  6:33  Probe x2  
  39  6:45  Probe  
  39  6:46  Probe  
  41  7:01  Zealot x2  
  33  7:22  Immortal (Chrono Boost)  
  35  7:44  Stalker x2  
  31  7:47  Sentry  
  33  7:54  Sentry  
Show
View Real Time Build Order
Export as new Build Order

KarmaDealer Terran - Winner!

Build Orders: Cyclone Opening 

Get SALT Encoding   

  12  0:01  SCV  
  13  0:13  SCV  
  14  0:18  Supply Depot  
  14  0:25  SCV  
  15  0:32  Refinery  
  15  0:42  Barracks  
  15  0:45  SCV  
  16  0:55  Supply Depot  
  16  0:58  SCV  
  17  1:06  Refinery  
  17  1:13  SCV  
  19  1:33  Orbital Command  
  19  1:36  Reaper  
  19  1:44  Factory  
  19  1:59  SCV  
  20  2:12  Barracks Tech Lab  
  20  2:20  SCV  
  21  2:28  Engineering Bay  
  21  2:32  Starport  
  21  2:40  SCV  
  21  2:43  Cyclone  
  25  2:45  Barracks Tech Lab  
  25  2:52  SCV  
  26  3:18  SCV  
  27  3:29  Barracks Tech Lab  
  27  3:32  Missile Turret  
  27  3:35  Missile Turret  
  27  3:37  Command Center, Cloaking Field  
  27  3:41  Banshee  
  30  3:48  Supply Depot  
  30  4:08  Liberator  
  30  4:22  Marauder  
  30  4:23  Cyclone  
  38  4:34  Missile Turret  
  39  4:38  SCV  
  39  4:48  Marauder  
  39  4:50  Refinery  
  41  4:54  Supply Depot  
  41  4:56  Missile Turret  
  41  5:01  Supply Depot  
  41  5:05  SCV  
  42  5:18  Missile Turret  
  42  5:27  Marauder  
  42  5:28  Siege Tank  
  47  5:48  Marauder  
  49  6:02  Banshee, Siege Tank  
  55  6:10  Marauder  
  54  6:43  Siege Tank, Marauder  
  54  6:46  SCV x2  
  61  6:51  Refinery  
  61  6:58  SCV x2  
  60  7:04  Marauder  
  60  7:10  SCV  
  60  7:15  Medivac  
  61  7:16  Siege Tank  
  64  7:26  Marauder  
  66  7:45  Medivac  
  66  7:47  Marauder  
  66  7:48  Siege Tank  
Tags
 
Add a new tag
Caveats
  • Supply blocks, unpowered buildings, or Contaminate may cause inaccurate times.
  • Supply counts are checked every 10 seconds.